 Dungeon Crawl Stone Soup version 0.29-a0-356-g7bc237e783 (webtiles) character file.

Game seed: 13387057801375688922

6770 zeratav the Archer (level 10, 0/86 HPs)
             Began as a Demigod Hunter on Apr 25, 2022.
             Slain by Snorg (18 damage)
             ... on level 10 of the Dungeon.
             The game lasted 00:27:50 (8976 turns).

zeratav the Archer (Demigod Hunter)                 Turns: 8976, Time: 00:27:51

Health: 0/86       AC: 12    Str: 12    XL:     10   Next: 47%
Magic:  13/13      EV: 18    Int: 11    God:
Gold:   674        SH:  0    Dex: 29    Spells: 9/9 levels left

rFire   . . .      SeeInvis .   a - +2 shortbow {bow}
rCold   . . .      Faith    .   (shield currently unavailable)
rNeg    . . .      Spirit   .   b - +0 leather armour
rPois   .          Reflect  .   z - +0 helmet
rElec   .          Harm     .   (no cloak)
rCorr   .          Rampage  .   r - +0 pair of gloves
Will    +....                   p - +2 pair of boots
Stlth   ++........              U - amulet of regeneration {@e2}
HPRegen 1.04/turn               L - +4 ring of protection
MPRegen 0.13/turn               u - ring of flight

@: flying
A: high MP 1, forlorn, divine attributes
a: no special abilities


You were on level 10 of the Dungeon.
You visited 1 branch of the dungeon, and saw 10 of its levels.

You collected 674 gold pieces.


Innate Abilities, Weirdness & Mutations

You have an increased reservoir of magic. (+10% MP)
You shall have no god before yourself.
Your divine heritage dramatically boosts your attributes as you level up.


   Skills:
 - Level 7.0 Fighting
 + Level 12.3 Bows
 - Level 7.0 Dodging
 - Level 0.8 Stealth


You had 9 spell levels left.
You didn't know any spells.
Your spell library contained the following spells:

 Spells                   Type           Power      Damage    Failure   Level
 Sandblast                Erth           0%         2d4       41%         1
 Passwall                 Tmut/Erth      0%         N/A       56%         2
 Sublimation of Blood     Necr           0%         N/A       56%         2
 Wereblood                Tmut           0%         N/A       56%         2
 Stone Arrow              Conj/Erth      0%         3d7       80%         3
 Summon Hydra             Summ           0%         N/A       100%        7

Inventory:

Hand Weapons
 a - a +2 shortbow (weapon) {bow}
 t - a +0 longbow {bow}
   (You took it off a tengu warrior on level 9 of the Dungeon)
 D - a +4 flail {mace}
   (You took it off a wight on level 10 of the Dungeon)
Armour
 b - a +0 leather armour (worn)
 p - a +2 pair of boots (worn)
   (You found it on level 7 of the Dungeon)
 r - a +0 pair of gloves (worn)
   (You found it on level 2 of the Dungeon)
 s - a +3 chain mail
   (You took it off an orc warrior on level 9 of the Dungeon)
 z - a +0 helmet (worn)
   (You found it on level 3 of the Dungeon)
Jewellery
 l - the ring of Fecw {rPois Will+ Str+3}
   (You acquired it on level 6 of the Dungeon)

   [ring of poison resistance]

   Str:       It affects your strength (+3).
   rPois:     It protects you from poison.
   Will:      It increases your willpower.
 u - a ring of flight (right hand)
   (You found it on level 7 of the Dungeon)
 C - a ring of positive energy
   (You found it on level 10 of the Dungeon)
 L - a +4 ring of protection (left hand)
   (You found it on level 4 of the Dungeon)
 U - an amulet of regeneration (around neck) {@e2}
   (You found it on level 5 of the Dungeon)
 V - a +6 ring of strength
   (You found it on level 6 of the Dungeon)
Wands
 n - a wand of acid (12)
   (You found it on level 7 of the Dungeon)
 X - a wand of charming (13)
   (You found it on level 6 of the Dungeon)
Scrolls
 c - 3 scrolls of immolation {!r!r}
 d - 4 scrolls of teleportation {@r4}
 f - a scroll of acquirement
 h - a scroll of enchant weapon
 j - a scroll of enchant armour
 y - 2 scrolls of fear
 G - 2 scrolls of brand weapon
 N - 5 scrolls of holy word
 T - 2 scrolls of fog
Potions
 e - 10 potions of curing {@q1}
 k - 5 potions of attraction {!q}
 m - 2 potions of flight
 o - a potion of lignification {!q}
 w - a potion of berserk rage {unknown}
 x - a potion of cancellation {unknown}
 B - 2 potions of mutation {unknown}
 F - 3 potions of ambrosia
 I - a potion of might {unknown}
 K - a potion of resistance {unknown}

Dungeon Overview and Level Annotations

Branches:
Dungeon (10/15)            Temple (0/1) D:7             Orc (0/2) D:9
   Lair: D:8-11

Portals:
Trove: D:10 (give 7 scrolls of fear)

Annotations:
D:2 1 runed translucent door, Crazy Yiuf
D:7 2 transporters, Gunch's ghost, novice MiBe
D:8 3 runed translucent doors, sammy202020's ghost, novice MiBe
D:10 Gastronok; Snorg

#.....###'##..........#.. #
#.....................#'###
#....####''######..........
#....#..........#..o.......
#...............#..........
#....'########..#####'#....
#....#...≈...#........#.T..
#....#._.≈._.#........#
#######....#...≈@T.#>.......#
...........########o........#
# ####..........# #########..#
# #...)......####.......#..# #
#.....................#..#.###
#.....................####.##.
#..........................##.
#.............................
#.............................


You could see Snorg (berserk) and an orc warrior.


Message History

You take 1 damage, and now have 42/86 hp.
Shoot: a) +2 shortbow {bow}
Press: ? - help, Q - select action, (/) - cycle Shift-Dir - straight line, f - green ugly thing
Aim: a green ugly thing (lightly wounded, 74% to hit)
You shoot an arrow.
The arrow barely misses the green ugly thing.
The green ugly thing completely misses you.
HP[+1] Shoot: a) +2 shortbow {bow}
Press: ? - help, Q - select action, (/) - cycle Shift-Dir - straight line, f/p - green ugly thing
Aim: a green ugly thing (lightly wounded, 74% to hit)
You shoot an arrow. The arrow hits the green ugly thing!
You are no longer corroded.
The green ugly thing engulfs you but does no damage.
HP[+1] Shoot: a) +2 shortbow {bow}
Press: ? - help, Q - select action, (/) - cycle Shift-Dir - straight line, f/p - green ugly thing
Aim: a green ugly thing (moderately wounded, 74% to hit)
You shoot an arrow. The arrow hits the green ugly thing.
You hear two shouts!
A two-headed ogre comes into view.
It is wielding a +0 giant spiked club and a +0 giant club.
The green ugly thing closely misses you.
HP[+1] Unknown command.
Shoot: a) +2 shortbow {bow}
Press: ? - help, Q - select action, (/) - cycle Shift-Dir - straight line, f/p - green ugly thing
Aim: a green ugly thing (moderately wounded, 74% to hit)
You shoot an arrow. The arrow hits the green ugly thing!
The green ugly thing barely misses you.
HP[+1] Shoot: a) +2 shortbow {bow}
Press: ? - help, Q - select action, (/) - cycle Shift-Dir - straight line, f/p - green ugly thing
Aim: a green ugly thing (heavily wounded, 74% to hit)
You shoot an arrow.
The arrow barely misses the green ugly thing.
Your surroundings suddenly seem different.
HP[+1] HP[+1] HP[+1] HP[+1]
You reach down and close the door.
HP[+1] HP[+1] HP[+1] HP[+1] HP[+1] HP[+2]
You regained 2 hp, and now have 57/86 hp.
You reach down and close the door.
HP[+1]
You start resting.
HP[+28]
Your hp is fully restored (86).
You reach down and open the door.
There is an open door here.
Found an opulent altar of Gozag and a hide-covered altar of Uskayaw.
There is an open door here.
There is an open door here.
You reach down and open the door.
There is an open door here.
There is an open door here.
Found a stone staircase leading down.
There is an open door here.
Okay, then.
The orc warrior shouts!
You hear a shout!
There is an open door here.
Shoot: a) +2 shortbow {bow}
Press: ? - help, Q - select action, (/) - cycle Shift-Dir - straight line, f - orc warrior
Aim: an orc warrior, wielding a +1 flail of protection and wearing a +0 plate armour (74% to hit)
You shoot an arrow. The arrow hits the orc warrior.
Snorg attacks as you move away! Snorg closely misses you.
Snorg claws you but does no damage. Snorg closely misses you.
Snorg goes berserk!
Snorg rages.
Snorg barely misses you. Snorg claws you! Snorg barely misses you.
HP[-15]
You take 15 damage, and now have 71/86 hp.
HP[+1] Snorg barely misses you. Snorg claws you! Snorg completely misses you.
HP[-10]
You take 10 damage, and now have 62/86 hp.
Snorg attacks as you move away! Snorg bites you!!
* * * LOW HITPOINT WARNING * * *
Snorg claws you!
* * * LOW HITPOINT WARNING * * *
Snorg completely misses you.
There is an open door here.
HP[-33]
You take 33 damage, and now have 29/86 hp.
MASSIVE DAMAGE!! (PAUSE) Snorg attacks as you move away!
Snorg barely misses you. Snorg claws you but does no damage. Snorg misses you.
Snorg bites you!
* * * LOW HITPOINT WARNING * * *
Snorg closely misses you. Snorg claws you but does no damage.
HP[-13]
You take 13 damage, and now have 16/86 hp.
HP[+1] Snorg attacks as you move away! Snorg barely misses you. x2
Snorg closely misses you. Snorg misses you. Snorg claws you!!
You die...

Skill      XL: |  1  2  3  4  5  6  7  8  9 10 |
---------------+-------------------------------+-----
Bows           | 4 5 6 8 9 10 12 | 12.3
Dodging        | 6 7 |  7.0
Fighting       | 7 |  7.0
Stealth        | |  0.8

Action                   |  1- 3 |  4- 6 |  7- 9 | 10-12 || total
-------------------------+-------+-------+-------+-------++-------
Melee: Shortbow          |       |       |     1 |       ||     1
 Fire: Shortbow          |    72 |   159 |   385 |   135 ||   751
       Longbow           |       |       |     2 |       ||     2
Evoke: Wand              |       |       |     1 |       ||     1
  Use: Scroll            |       |       |    15 |     4 ||    19
       Potion            |       |       |       |     4 ||     4
Armor: Leather armour    |     5 |    23 |    48 |    38 ||   114
Dodge: Dodged            |    31 |    42 |   167 |   161 ||   401

Levels and vault maps discovered:
D:1:      saegor_arrival_fortress, layout_rooms,
          shapermc_ecumenical_altar_acropolis, hangedman_decor_riveting
D:2:      layout_loops_corners, serial_rivers, chequers_serial_rivers_micro_a,
          chequers_serial_rivers_room_b, chequers_serial_rivers_large_b,
          chequers_serial_rivers_micro_b, minmay_randomly_rotated_circles,
          uniq_crazy_yiuf_cottage, uniq_terence, uniq_jessica
D:3:      layout_loops_cross, nicolae_overflow_hidden_temple
D:4:      layout_basic, lemuel_crystal_altar, mainiacjoe_overflow_alcove_2,
          minmay_distorted
D:5:      minmay_evil_eye, layout_cave_pools, minmay_crystal_room
D:6:      layout_cave_pools, kennysheep_donut, minmay_misc_feat_tower
D:7:      nicolae_cairo_tiling_very_big, layout_loops_ring,
          minmay_temple_entry_mini_moons, gammafunk_ghost_berserking_beasts
D:8:      layout_basic, ebering_ghost_rock_garden
D:9:      layout_stronghold, mainiacjoe_overflow_boulevard, david_orc_1_choice
D:10:     layout_irregular_city, mainiacjoe_overflow_cross_hatched,
          mainiacjoe_overflow_divided_tiny, enter_trove_1, serial_column_ruins,
          column_ruins_square_small, column_ruins_square_large,
          column_ruins_open_small, column_ruins_open_tiny,
          column_ruins_open_small, column_ruins_columns_corner,
          column_ruins_columns_T, minmay_fractal_squares_diagonal_5, uniq_snorg,
          uniq_gastronok, uniq_urug

Notes
Turn   | Place    | Note
-------+----------+-------------------------------------------
     0 | D:1      | zeratav the Demigod Hunter began the quest for the Orb.
     0 | D:1      | Reached XP level 1. HP: 17/17 MP: 3/3
     0 | D:1      | magus.rc [v1.9.6]
   111 | D:1      | Reached skill level 4 in Bows
   151 | D:1      | You pick up a book of Geomancy and begin reading...
   151 | D:1      | You add the spells Sandblast, Passwall and Stone Arrow to
                  | your library.
   194 | D:1      | Reached XP level 2. HP: 24/24 MP: 4/4
   349 | D:1      | You pick up a book of Blood and begin reading...
   349 | D:1      | You add the spells Sublimation of Blood, Wereblood and
                  | Summon Hydra to your library.
   660 | D:2      | Noticed Terence
   666 | D:2      | Killed Terence
   667 | D:2      | Reached XP level 3. HP: 29/29 MP: 5/5
   709 | D:2      | Reached skill level 5 in Bows
   925 | D:2      | Reached XP level 4. HP: 36/36 MP: 6/6
  1356 | D:2      | Found a runed translucent door.
  1357 | D:2      | Noticed Crazy Yiuf
  1512 | D:2      | Noticed Jessica
  1516 | D:2      | Killed Jessica
  1950 | D:3      | Reached skill level 6 in Bows
  1950 | D:3      | Reached XP level 5. HP: 41/41 MP: 7/7
  2742 | D:4      | Reached XP level 6. HP: 47/48 MP: 8/8
  2758 | D:4      | Reached skill level 7 in Bows
  3241 | D:4      | Reached skill level 8 in Bows
  3365 | D:4      | Reached XP level 7. HP: 32/53 MP: 9/9
  3764 | D:5      | Entered Level 5 of the Dungeon
  4318 | D:6      | Reached skill level 9 in Bows
  4493 | D:6      | HP: 13/53 [poisoned by a water moccasin]
  4495 | D:6      | HP: 4/53 [water moccasin (8)]
  4592 | D:6      | Reached XP level 8. HP: 59/60 MP: 10/10
  4677 | D:6      | Reached skill level 10 in Bows
  4677 | D:6      | Reached skill level 2 in Dodging
  4919 | D:6      | Identified 2 scrolls of acquirement
  4919 | D:6      | Acquired the ring of Fecw {rPois Will+ Str+3}
  5031 | D:7      | Found a staircase to the Ecumenical Temple.
  5087 | D:7      | Reached skill level 3 in Dodging
  5090 | D:7      | HP: 15/60 [orc priest/divine providence (12)]
  5206 | D:7      | Found a transporter.
  5218 | D:7      | Noticed Gunch's ghost (novice MiBe)
  5223 | D:7      | Noticed a catoblepas
  5234 | D:7      | Found a transporter.
  5319 | D:7      | Reached skill level 4 in Dodging
  5358 | D:7      | HP: 15/60 [steam dragon/ball of steam (25)]
  5707 | D:7      | Noticed a moth of wrath
  5716 | D:7      | Reached skill level 5 in Dodging
  6243 | D:8      | Noticed a cyclops
  6262 | D:8      | HP: 2/60 [cyclops (28)]
  6263 | D:8      | Killed a cyclops
  6264 | D:8      | Reached skill level 6 in Dodging
  6264 | D:8      | Reached XP level 9. HP: 4/67 MP: 11/11
  6339 | D:8      | Found a runed translucent gate.
  6340 | D:8      | Found a runed translucent gate.
  6340 | D:8      | Found a runed translucent gate.
  6340 | D:8      | Noticed sammy202020's ghost (novice MiBe)
  6450 | D:9      | Reached skill level 7 in Dodging
  6458 | D:9      | Reached skill level 2 in Fighting
  6512 | D:9      | HP: 16/68 [killer bee (3)]
  6513 | D:9      | Reached skill level 3 in Fighting
  6516 | D:9      | Noticed a tengu warrior
  6517 | D:9      | HP: 16/70 [poisoned by a killer bee]
  6617 | D:9      | Noticed a tengu conjurer
  6644 | D:9      | Killed a tengu warrior
  6644 | D:9      | Killed a tengu conjurer
  6644 | D:9      | HP: 5/70 [cloud of flame (14)]
  6645 | D:9      | Reached skill level 6 in Fighting
  7125 | D:9      | Reached skill level 7 in Fighting
  7172 | D:9      | Found a staircase to the Orcish Mines.
  7369 | D:9      | Noticed a two-headed ogre
  7775 | D:10     | Entered Level 10 of the Dungeon
  7836 | D:10     | Noticed a two-headed ogre
  7861 | D:10     | Killed a two-headed ogre
  7862 | D:10     | Reached XP level 10. HP: 32/86 MP: 13/13
  7975 | D:10     | Reached skill level 11 in Bows
  8037 | D:10     | Noticed a green ugly thing
  8189 | D:10     | Noticed Snorg
  8387 | D:10     | Found a portal to a secret trove of treasure.
  8393 | D:10     | This trove needs 7 scrolls of fear to function. Give it the
                  | items?
  8393 | D:10     | This trove needs 7 scrolls of fear to function. Give it the
                  | items?
  8657 | D:10     | Noticed Gastronok
  8688 | D:10     | Noticed a two-headed ogre
  8713 | D:10     | Killed a two-headed ogre
  8714 | D:10     | Reached skill level 12 in Bows
  8808 | D:10     | HP: 8/86 [Gastronok/the air (29)]
  8819 | D:10     | Noticed a two-headed ogre
  8974 | D:10     | HP: 16/86 [Snorg (14)]
  8976 | D:10     | Slain by Snorg

Vanquished Creatures
  2 two-headed ogres (D:10)
  A tengu warrior (D:9)
  A cyclops (D:8)
  A tengu conjurer (D:9)
  A troll (D:10)
  3 yaks (D:10)
  A steam dragon (D:7)
  An acid dragon (D:10)
  2 water moccasins
  A black bear (D:4)
  7 orc warriors
  2 ogres
  2 phantoms
  5 bullfrogs
  A scorpion (D:6)
  4 wights (D:10)
  13 killer bees
  4 howler monkeys
  3 jellies
  8 orc priests
  2 hounds (D:6)
  Jessica (D:2)
  Terence (D:2)
  6 iguanas
  4 orc wizards
  12 adders
  A shadow imp (D:8)
  A white imp (D:7)
  2 worms (D:2)
  A dart slug (D:3)
  34 orcs
  12 ball pythons
  4 bats
  8 endoplasms
  7 giant cockroaches
  8 goblins
  9 hobgoblins
  3 jackals (D:5)
  5 quokkas
  4 frilled lizards (D:1)
  2 kobolds (D:1)
  5 rats
195 creatures vanquished.

Table legend:
 A = Non-vault XP
 B = Vault XP
 C = Vault XP percentage of total XP
 D = Non-vault monster count
 E = Vault monster count
 F = Vault count percentage of total count
                 A         B        C        D         E       F
            +---------+---------+-------+---------+---------+-------
      Total |    7011 |    2661 |  27.5 |     168 |      27 |  13.8
            +---------+---------+-------+---------+---------+-------
        D:1 |      29 |       0 |   0.0 |      20 |       0 |   0.0
        D:2 |      78 |      82 |  51.2 |      20 |       8 |  28.6
        D:3 |     174 |       0 |   0.0 |      23 |       0 |   0.0
        D:4 |     616 |      38 |   5.8 |      24 |       3 |  11.1
        D:5 |      12 |       0 |   0.0 |       5 |       0 |   0.0
        D:6 |     907 |       0 |   0.0 |      20 |       0 |   0.0
        D:7 |     563 |       0 |   0.0 |      13 |       0 |   0.0
        D:8 |     841 |       0 |   0.0 |       9 |       0 |   0.0
        D:9 |    2253 |     507 |  18.4 |      20 |       9 |  31.0
       D:10 |    1538 |    2034 |  56.9 |      14 |       7 |  33.3
            +---------+---------+-------+---------+---------+-------

Illustrated notes

Table legend:
 A = Kills in this place as a percentage of kills in entire the game.
 B = Kills by you in this place as a percentage of kills by you in the entire game.
 C = Kills by friends in this place as a percentage of kills by friends in the entire game.
 D = Other kills in this place as a percentage of other kills in the entire game.
 E = Experience gained in this place as a percentage of experience gained in the entire game.
 F = Experience gained in this place divided by the number of levels of this place that you have seen.
                   A       B       C       D       E      F
               +-------+-------+-------+-------+-------+----------------------
         Total | 100.0 | 100.0 |   N/A |   N/A | 100.0 | 967.2
       Dungeon | 100.0 | 100.0 |   N/A |   N/A | 100.0 | 967.2
               +-------+-------+-------+-------+-------+----------------------

Table legend: (Time is in decaauts)
 A = Elapsed time spent in this place.
 B = Non-inter-level travel time spent in this place.
 C = Inter-level travel time spent in this place.
 D = Time resting spent in this place.
 E = Time spent auto-exploring this place.
 F = Levels seen in this place.
 G = Mean time per level.
                   A        B        C        D        E       F      G
               +--------+--------+--------+--------+--------+-----+--------+
         Total |   9093 |   8463 |    630 |    927 |   5240 |  10 |  909.3 |
       Dungeon |   9093 |   8463 |    630 |    927 |   5240 |  10 |  909.3 |
               +--------+--------+--------+--------+--------+-----+--------+

Top non-repeatable levels by time:
     D:2: 1425 daAuts
     D:9: 1394 daAuts
    D:10: 1193 daAuts
     D:3: 942 daAuts
     D:4: 905 daAuts
     D:7: 823 daAuts
     D:6: 744 daAuts
     D:8: 610 daAuts
     D:1: 601 daAuts
     D:5: 453 daAuts
